 Dungeon Crawl Stone Soup version 0.30-a0-760-g5a9884bb7c (webtiles) character file.

Game seed: 1508645587732960749

403 Dirtsage the Carver (level 6, -1/44 HPs)
             Began as a Merfolk Gladiator on Feb 11, 2023.
             Splashed by a jelly's acid (9 damage)
             ... on level 4 of the Dungeon.
             The game lasted 00:04:56 (2576 turns).

Dirtsage the Carver (Merfolk Gladiator)             Turns: 2576, Time: 00:04:57

Health: -1/44      AC: -8    Str: 14    XL:     6   Next: 86%
Magic:  6/6        EV: 13    Int:  8    God:
Gold:   201        SH:  0    Dex: 17    Spells: 5/5 levels left

rFire   . . .      SeeInvis .    a - +0 long sword
rCold   . . .      Faith    .    (no shield)
rNeg    . . .      Spirit   .    b - +0 leather armour
rPois   .          Reflect  .    c - +0 helmet
rElec   .          Harm     .    (no cloak)
rCorr   .          Rampage  .    (no gloves)
Will    .....                    (no boots)
Stlth   +                        r - amulet of regeneration
HPRegen 1.07/turn                (no ring)
MPRegen 0.10/turn                (no ring)

@: corroded
A: (nimble swimmer 2), mertail
a: no special abilities


You were on level 4 of the Dungeon.
You visited 1 branch of the dungeon, and saw 4 of its levels.

You collected 245 gold pieces.
You spent 44 gold pieces at shops.

Inventory:

Hand Weapons
 a - a +0 long sword (weapon)
Missiles
 e - 12 javelins
 n - 3 throwing nets (quivered)
Armour
 b - a +0 leather armour (worn)
 c - a +0 helmet (worn)
 u - a +0 pair of gloves
Jewellery
 o - an amulet of the acrobat
 r - an amulet of regeneration (around neck)
Wands
 m - a wand of flame (1)
Scrolls
 f - 2 scrolls of amnesia {unknown}
 g - a scroll of noise {unknown}
 h - 7 scrolls of identify {unknown}
 i - a scroll of fog {unknown}
 k - a scroll of silence {unknown}
 q - 2 scrolls of immolation {unknown}
 s - a scroll of enchant armour {unknown}
Potions
 d - 4 potions of might
 j - 3 potions of degeneration {unknown}
 l - a potion of curing {unknown}
 p - a potion of heal wounds {unknown}
 t - a potion of mutation {unknown}
 v - a potion of flight {unknown}


   Skills:
 - Level 2.1 Fighting
 + Level 9.0 Long Blades
 - Level 2.0 Throwing
 - Level 4.0 Dodging


You had 5 spell levels left.
You didn't know any spells.
Your spell library contained the following spells:

 Spells                   Type           Power      Damage    Failure   Level
 Ignite Poison            Fire/Tmut/Pois 0%         N/A       86%         3
 Kindle Blastsparks       Fire/Tloc/Air  0%         2d10      86%         3
 Freezing Cloud           Conj/Ice/Air   0%         6-21      100%        5


Dungeon Overview and Level Annotations

Branches:
Dungeon (4/15)
 Temple: D:4-7

Altars:
Dithmenos

Shops:
D:2 ((!


Innate Abilities, Weirdness & Mutations

((You are very nimble when in or above water. (Stealth+, EV+, Speed+++)))
Your lower body shifts to a powerful aquatic tail in water.


Message History

You kill the orc!
Things that are here:
a +0 club; a +0 scale mail; an orc corpse You hit the kobold but do no damage.
The kobold completely misses you.
You slash the kobold!
You kill the kobold!
You now have 201 gold pieces (gained 15).
Things that are here:
a +0 whip; a kobold corpse A dart slug comes into view.
A jelly comes into view.
The dart slug launches a dart at you. The slug dart misses you.
The dart slug launches a dart at you. The slug dart misses you.
You hit the jelly. The acid corrodes you!
Your hands burn!
The jelly is moderately wounded.
The jelly completely misses you.
You take 3 damage, and have 41/44 hp.
You hit the jelly but do no damage. The acid corrodes you!
Your hands burn!
The jelly is moderately wounded.
The jelly hits you. The acid corrodes you!
You are splashed with acid!
You take 12 damage, and have 29/44 hp.
MASSIVE DAMAGE!!
You hit the jelly but do no damage.
Your hands burn!
The jelly is moderately wounded.
The dart slug bites you. The jelly hits you.
You are splashed with acid!
You take 15 damage, and have 14/44 hp.
MASSIVE DAMAGE!!
You hit the jelly but do no damage.
Your hands burn!
* * * LOW HITPOINT WARNING * * *
The jelly is moderately wounded.
The dart slug barely misses you.
You hit the jelly but do no damage.
Your hands burn!
* * * LOW HITPOINT WARNING * * *
You punch the jelly, but do no damage.
The jelly is moderately wounded.
You hear the slow rusting of a distant drain.
The jelly hits you.
* * * LOW HITPOINT WARNING * * *
You are splashed with acid!
You die...

.. ...### ##..#.. #......
....... .....#.####
.......J#.# ####
......w@..###..##
.......#....#....###
.......##.....##....##
.......#.............#
#..............).....#...
.........................
...........##...)........
.........†...............
......†.†#..##...........


You could see a jelly and a dart slug.

Vanquished Creatures
  Sigmund (D:2)
  A scorpion (D:3)
  An orc priest (D:3)
  Jessica (D:2)
  5 adders
  3 worms
  A dart slug (D:1)
  10 orcs
  5 endoplasms
  2 giant cockroaches (D:3)
  3 goblins
  2 hobgoblins (D:1)
  7 jackals
  8 kobolds
  3 quokkas (D:1)
  3 ball pythons
  4 bats
  A frilled lizard (D:1)
  3 rats (D:1)
64 creatures vanquished.

Notes
Turn   | Place    | Note
-------+----------+-------------------------------------------
     0 | D:1      | Dirtsage the Merfolk Gladiator began the quest for the Orb.
     0 | D:1      | Reached XP level 1. HP: 16/16 MP: 1/1
   149 | D:1      | Reached skill level 4 in Long Blades
   183 | D:1      | Reached XP level 2. HP: 11/22 MP: 2/2
   863 | D:2      | Reached skill level 5 in Long Blades
   863 | D:2      | Reached XP level 3. HP: 8/27 MP: 3/3
   985 | D:2      | Found a faded altar of an unknown god.
  1017 | D:2      | Found Ynular's Weapon Shoppe.
  1122 | D:2      | Found a shadowy altar of Dithmenos.
  1172 | D:2      | Noticed Jessica
  1179 | D:2      | Killed Jessica
  1180 | D:2      | Reached skill level 6 in Long Blades
  1180 | D:2      | Reached XP level 4. HP: 26/33 MP: 4/4
  1284 | D:2      | Found Ishoq's Distillery.
  1289 | D:2      | Bought a potion of might for 44 gold pieces
  1493 | D:2      | Noticed Sigmund
  1501 | D:2      | Killed Sigmund
  1502 | D:2      | Reached skill level 8 in Long Blades
  1502 | D:2      | Reached XP level 5. HP: 35/38 MP: 5/5
  1502 | D:2      | Reached XP level 6. HP: 40/44 MP: 6/6
  1600 | D:2      | Found Nuul's Antique Weapon Emporium.
  2545 | D:4      | Reached skill level 9 in Long Blades
  2576 | D:4      | Splashed by a jelly's acid

Illustrated notes

Levels and vault maps discovered:
D:1:      co_arrival_random_square_maze, layout_loops_ring
D:2:      layout_basic, hellmonk_ecumenical_altar_pennies_from_heaven,
          basic_altar, serial_shops, shop, nicolae_shop_waterfront,
          nicolae_shop_hallway_stairs, uniq_jessica, uniq_sigmund
D:3:      layout_basic, nicolae_titane
D:4:      layout_cave_pools, serial_shops, nicolae_lakefront_shop,
          cheibrodos_sewer_entry_drain, kennysheep_generic_room_7,
          uniq_blork_the_orc

Skill      XL: |  1  2  3  4  5  6 |
---------------+-------------------+-----
Long Blades    | 4 5 6 8 9 |  9.0
Fighting       | |  2.1
Throwing       | |  2.0
Dodging        | |  4.0

Action                     |  1- 3 |  4- 6 || total
---------------------------+-------+-------++-------
  Melee: Long sword        |    81 |   146 ||   227
         Punch             |       |     4 ||     4
  Evoke: Wand              |       |     5 ||     5
   Stab: Sleeping          |     3 |     2 ||     5
 Armour: Leather armour    |    18 |    42 ||    60
  Dodge: Dodged            |    62 |   110 ||   172

Table legend: (Time is in decaauts)
 A = Elapsed time spent in this place.
 B = Non-inter-level travel time spent in this place.
 C = Inter-level travel time spent in this place.
 D = Time resting spent in this place.
 E = Time spent auto-exploring this place.
 F = Levels seen in this place.
 G = Mean time per level.
                   A        B        C        D        E       F      G
               +--------+--------+--------+--------+--------+-----+--------+
         Total |   2584 |   2529 |     55 |      0 |   2050 |   4 |  646.0 |
       Dungeon |   2584 |   2529 |     55 |      0 |   2050 |   4 |  646.0 |
               +--------+--------+--------+--------+--------+-----+--------+

Top non-repeatable levels by time:
     D:2: 879 daAuts
     D:1: 844 daAuts
     D:3: 810 daAuts
     D:4: 49 daAuts
